 Dungeon Crawl Stone Soup version 0.18-a0-1526-gcb34c7c (webtiles) character file.

3854 HungrySpirit the Bludgeoner (level 10, -3/106 HPs)
             Began as an Ogre Arcane Marksman on Mar 8, 2016.
             Was a Believer of Okawaru.
             Killed by divine providence
             ... invoked by a smoke demon
              (11 damage)
             ... on level 1 of the Abyss.
             The game lasted 00:18:01 (10395 turns).

HungrySpirit the Bludgeoner (Ogre Arcane Marksman) Turns: 10395, Time: 00:18:02

Health: -3/106     AC:  6    Str: 21    XL:     10   Next: 18%
Magic:  11/11      EV: 10    Int: 12    God:    Okawaru [**....]
Gold:   463        SH:  0    Dex:  9    Spells: 0 memorised, 11 levels left

rFire  . . .     SeeInvis .     u - +0 morningstar
rCold  . . .     Gourm    .     N - +2 robe {MR+}
rNeg   . . .     Faith    .     (no shield)
rPois  .         Spirit   .     (helmet restricted)
rElec  .         Dismiss  .     L - +0 cloak (curse)
rCorr  +         Reflect  .     (gloves unavailable)
SustAt .         Harm     .     (boots unavailable)
MR     +++..                    (no amulet)
Stlth  +.........               z - ring of protection from magic
                                o - ring of resist corrosion

@: about to teleport, extremely resistant to hostile enchantments, very
unstealthy
A: unfitting armour, sense surroundings 1, tough skin 1, evolution 1
a: Heroism, Renounce Religion


You were on level 1 of the Abyss.
You worshipped Okawaru.
Okawaru was pleased with you.
You were not hungry.

You visited 2 branches of the dungeon, and saw 9 of its levels.
You visited the Abyss 1 time.

You collected 463 gold pieces.

Inventory:

Hand Weapons
 j - a +0 giant spiked club
 k - a +0 mace
 u - a +0 morningstar (weapon)
 w - a +0 giant club
 x - a +0 whip
Missiles
 S - a large rock (quivered)
Armour
 L - a cursed +0 cloak (worn)
 N - a +2 robe of magic resistance (worn)
Jewellery
 o - a ring of resist corrosion (left hand)
 y - an uncursed ring of stealth
 z - a ring of protection from magic (right hand)
 H - an uncursed ring of magical power
Wands
 a - a wand of random effects (29/48)
 O - a wand of disintegration (5/24)
Scrolls
 d - a scroll of noise
 i - 2 scrolls of remove curse
 p - 2 scrolls of identify
 q - a scroll of teleportation
 r - 3 scrolls of enchant weapon {unknown}
 t - 2 scrolls of fog {unknown}
 A - 2 scrolls of random uselessness {unknown}
 B - a scroll of fear {unknown}
 C - 2 scrolls of recharging {unknown}
 J - a scroll of holy word {unknown}
 Q - 3 scrolls of blinking {unknown}
Potions
 e - 3 potions of curing
 h - a potion of cure mutation
 m - 2 potions of agility
 s - a potion of lignification
 v - 3 potions of invisibility {unknown}
 D - 2 potions of berserk rage
 F - a potion of resistance
 G - 2 potions of flight {unknown}
 I - a potion of degeneration {unknown}
 K - a potion of ambrosia {unknown}
Books
 b - a book of Debilitation

   Spells                             Type                      Level
   a - Corona                         Hexes                        1
   b - Slow                           Hexes                        2
   c - Gell's Gravitas                Hexes/Translocation          3
   d - Inner Flame                    Hexes/Fire                   3
   e - Cause Fear                     Hexes                        4
   f - Leda's Liquefaction            Hexes/Earth                  4
 E - a book of Hinderance

   Spells                             Type                      Level
   a - Confusing Touch                Hexes                        2
   b - Confuse                        Hexes                        3
   c - Gell's Gravitas                Hexes/Translocation          3
   d - Petrify                        Transmutation/Earth          4
   e - Metabolic Englaciation         Hexes/Ice                    5
   f - Yara's Violent Unravelling     Hexes/Transmutation          5
 P - a book of Burglary

   Spells                             Type                      Level
   a - Swiftness                      Charms/Air                   2
   b - Passwall                       Transmutation/Earth          2
   c - Passage of Golubria            Translocation                4
   d - Lee's Rapid Deconstruction     Earth                        5
   e - Darkness                       Hexes                        6
   f - Invisibility                   Hexes                        6
Comestibles
 c - a slice of pizza
 f - 4 bread rations
 g - a royal jelly
 l - a meat ration
 M - a beef jerky


   Skills:
 + Level 8.8 Fighting
 * Level 15.4 Maces & Flails
 - Level 2.0 Throwing
 - Level 1.7 Dodging
 - Level 1.2 Spellcasting
   Level 2.1 Hexes


You had 11 spell levels left.
You didn't know any spells.

Dungeon Overview and Level Annotations

Branches:
Dungeon (8/15)             Temple (1/1) D:7
   Lair: D:8-11

Altars:
Cheibriados
Dithmenos
Fedhas
Gozag
Okawaru
Pakellas
Qazlal
Ru
Sif Muna
Trog
Vehumet
The Shining One

Shops:
D:5 *   D:7 =

Annotations:
D:4 Natasha
D:8 Psyche


Innate Abilities, Weirdness & Mutations

You are too large for most types of armour.
You have tough skin (AC +1).
You passively map a small area around you.
You evolve.


Message History

The orange demon stings you from afar.
You are more poisoned.
The orange demon poisons you! The iron imp completely misses you.
The neqoxec gestures.
Your attacks no longer feel as feeble.
You feel very sick.
The hellwing swoops through the air toward you!
The hellwing hits you!
* * * LOW HITPOINT WARNING * * *
The hellwing hits you!
* * * LOW HITPOINT WARNING * * *
Drink which item? (? for menu, Esc to quit)
You feel better. The hellwing closely misses you. The hellwing hits you!
* * * LOW HITPOINT WARNING * * *
The smoke demon gestures at you. Something smites you!
* * * LOW HITPOINT WARNING * * *
The smoke demon gestures at you. Something smites you!
You die...

.. .. #§..#
#.. X # .53.
.#.#### §
.#5. .#.#..
.#.5.#
###..##..#
###..##....#
......3.#..#
# #.
.#§#X43##.# #
. 4 ####@4# #
#. #.#...##
##.4.......
..3..##...#..
.
.#.....#..#.
.#...#.#.
.#.. # #....#
.. .#
..##..##. ..
. ..# #.# .


You could see an orange demon, a large abomination, a hellwing and 2 smoke
demons.

Vanquished Creatures
  Erolcha (D:8)
  Pikel (D:7)
  The ghost of bl4d3 the Firebug, an amateur GrFE (D:4)
  Sigmund (D:3)
  A hippogriff (D:7)
  2 sky beasts
  An ice beast (D:7)
  A phantom (D:6)
  2 centaurs (D:7)
  6 ogres
  A gnoll sergeant (D:7)
  A giant frog (D:5)
  A scorpion (D:5)
  3 howler monkeys (D:8)
  2 crimson imps (D:5)
  A centaur skeleton (D:4)
  A hound (D:5)
  2 orc priests
  4 iguanas
  Natasha (twice) (D:4)
  7 orc wizards
  3 worker ants
  2 hound skeletons
  A hound zombie (D:5)
  A howler monkey zombie (D:4)
  A worker ant zombie (D:7)
  4 gnolls (D:7)
  9 adders
  A shadow imp (D:6)
  An ooze (D:2)
  6 worms
  3 dart slugs (D:2)
  2 giant geckos
  33 orcs
  6 bats
  4 giant cockroaches
  4 goblins
  8 hobgoblins
  11 jackals
  5 kobolds
  4 quokkas
  A giant gecko skeleton (D:4)
  A giant gecko zombie (D:5)
  9 giant newts
  A quokka zombie (D:8)
  8 rats
171 creatures vanquished.

Notes
Turn   | Place    | Note
--------------------------------------------------------------
     0 | D:1      | HungrySpirit the Ogre Arcane Marksman began the quest for the Orb.
     0 | D:1      | Reached XP level 1. HP: 19/19 MP: 2/2
   541 | D:1      | Reached skill level 1 in Maces & Flails
   934 | D:1      | Reached XP level 2. HP: 19/27 MP: 3/3
  1042 | D:1      | Reached skill level 2 in Maces & Flails
  1598 | D:2      | Reached skill level 3 in Maces & Flails
  1602 | D:2      | Reached XP level 3. HP: 12/33 MP: 4/4
  2061 | D:2      | Reached skill level 4 in Maces & Flails
  2071 | D:2      | Reached XP level 4. HP: 32/41 MP: 5/5
  2455 | D:2      | Reached skill level 5 in Maces & Flails
  2848 | D:2      | Found a faded altar to an unknown god.
  3135 | D:2      | Found a shadowy altar of Dithmenos.
  3490 | D:3      | Noticed Sigmund
  3493 | D:3      | Killed Sigmund
  3493 | D:3      | Reached skill level 7 in Maces & Flails
  3493 | D:3      | Reached XP level 5. HP: 46/48 MP: 6/6
  3493 | D:3      | Reached XP level 6. HP: 52/55 MP: 7/7
  4289 | D:3      | Reached skill level 8 in Maces & Flails
  4704 | D:4      | Noticed Natasha
  4708 | D:4      | Killed Natasha
  5063 | D:4      | Noticed Natasha
  5090 | D:4      | Killed Natasha
  5267 | D:4      | Reached skill level 9 in Maces & Flails
  5267 | D:4      | Reached XP level 7. HP: 46/62 MP: 8/8
  5476 | D:4      | Noticed bl4d3's ghost (amateur GrFE)
  5482 | D:4      | Noticed Natasha
  5551 | D:4      | Killed bl4d3's ghost
  5551 | D:4      | Reached skill level 10 in Maces & Flails
  5719 | D:5      | Entered Level 5 of the Dungeon
  5798 | D:5      | Reached XP level 8. HP: 57/72 MP: 9/9
  5844 | D:5      | Gained mutation: You evolve. [potion of mutation]
  5844 | D:5      | Gained mutation: You expend magic power (3 MP) to strengthen your wands. [potion of mutation]
  5844 | D:5      | Gained mutation: You passively map a small area around you. [potion of mutation]
  5908 | D:5      | Reached skill level 11 in Maces & Flails
  5911 | D:5      | Lost mutation: You expend magic power (3 MP) to strengthen your wands. [evolution]
  6021 | D:5      | Found a bloodstained altar of Trog.
  6040 | D:5      | Found Gozag's Platinum Reserve.
  6041 | D:5      | Found an opulent altar of Gozag.
  6338 | D:5      | Found a glowing golden altar of the Shining One.
  6810 | D:6      | Reached skill level 12 in Maces & Flails
  7411 | D:6      | Reached skill level 5 in Fighting
  7448 | D:6      | Found a sacrificial altar of Ru.
  8024 | D:6      | Reached XP level 9. HP: 88/88 MP: 10/10
  8060 | D:6      | Found a glowing golden altar of the Shining One.
  8141 | D:7      | Found an oddly glowing altar of Pakellas.
  8159 | D:7      | Reached skill level 13 in Maces & Flails
  8708 | D:7      | Found a staircase to the Ecumenical Temple.
  8724 | Temple   | Entered the Ecumenical Temple
  8787 | Temple   | Became a worshipper of Warmaster Okawaru
  9023 | D:7      | Found Fuiplutu's Book Boutique.
  9057 | D:7      | Noticed Pikel
  9077 | D:7      | Killed Pikel
  9077 | D:7      | Reached skill level 14 in Maces & Flails
  9078 | D:7      | Found Oqom Ost's Jewellery Boutique.
  9250 | D:7      | Reached * piety under Okawaru
 10007 | D:8      | Noticed Erolcha
 10019 | D:8      | Killed Erolcha
 10019 | D:8      | Reached ** piety under Okawaru
 10019 | D:8      | Reached skill level 15 in Maces & Flails
 10019 | D:8      | Reached XP level 10. HP: 42/106 MP: 11/11
 10280 | D:8      | Found a deep blue altar of Sif Muna.
 10280 | D:8      | Found a blossoming altar of Fedhas.
 10280 | D:8      | Noticed Psyche
 10286 | D:8      | Cast into level 1 of the Abyss (Psyche)
 10350 | Abyss:1  | Noticed a smoke demon
 10355 | Abyss:1  | Noticed a large abomination
 10379 | Abyss:1  | Noticed an orange demon
 10381 | Abyss:1  | Noticed a smoke demon
 10395 | Abyss:1  | Killed from afar by a smoke demon

Vault maps used:
D:1:      minmay_arrival_widening_spiral_wide
D:2:      nicolae_overflow_hidden_temple, ecumenical_altar_1,
          nicolae_dithmenos_shadow_blocks
D:3:      minivault_26, minmay_misc_feat_tiny, uniq_sigmund
D:4:      uniq_natasha
D:5:      nicolae_gozag_zags_fifth_avenue, tso_metal_star, basic_altar,
          first_bread
D:6:      lemuel_round_altar, basic_altar
D:7:      grunt_pakellas_salt, minmay_temple_entry_large_hall, serial_shops,
          shop, nicolae_shop_crystal, minmay_misc_feat_roman, uniq_pikel
D:8:      gammafunk_temple_overflow_pools, lemuel_coloured_pillars_altar,
          uniq_psyche, uniq_erolcha
Temple:   chambers_temple_10

Skill      XL: |  1  2  3  4  5  6  7  8  9 |
---------------+----------------------------+-----
Maces & Flails | 1 3 4 7 9 10 12 15 | 15.4
Fighting       | 2 5 8 |  8.8
Throwing       | |  2.0
Dodging        | |  1.7
Spellcasting   | |  1.2
Hexes          | |  2.1

Action                   |  1- 3 |  4- 6 |  7- 9 | 10-12 || total
-------------------------+-------+-------+-------+-------++-------
Melee: Club              |    44 |       |       |       ||    44
       Mace              |    70 |   117 |       |       ||   187
       Morningstar       |       |    63 |   335 |       ||   398
Throw: Large rock        |    14 |    26 |    46 |     5 ||    91
       Throwing net      |     3 |     4 |     9 |       ||    16
  Use: Scroll            |       |       |    11 |     1 ||    12
       Potion            |       |       |     2 |     2 ||     4
 Stab: Held in net/web   |     2 |     1 |     1 |       ||     4
       Sleeping          |       |       |     2 |       ||     2
  Eat: Chunk             |     4 |    10 |    15 |     1 ||    30
